 Dungeon Crawl Stone Soup version 0.19-a0-1827-g174f941 (webtiles) character file.

110 JeffiDaFish the Sneak (level 4, -6/35 HPs)
             Began as a Vampire Enchanter on Oct 7, 2016.
             Mangled by an orc
             ... wielding a +0 flail
              (9 damage)
             ... on level 3 of the Dungeon.
             The game lasted 00:11:13 (2879 turns).

JeffiDaFish the Sneak (Vampire Enchanter)           Turns: 2879, Time: 00:11:13

Health: -6/35      AC:  4    Str:  8    XL:     4   Next: 61%
Magic:  1/7        EV: 13    Int: 19    God:
Gold:   149        SH:  0    Dex: 14    Spells: 3 memorised, 2 levels left

rFire  . . .     SeeInvis +     a - +2 dagger
rCold  . . .     Gourm    .     b - +2 robe
rNeg   + . .     Faith    .     (no shield)
rPois  .         Spirit   .     (no helmet)
rElec  .         Dismiss  .     (no cloak)
rCorr  .         Reflect  .     (no gloves)
MR     .....     Harm     .     (no boots)
Stlth  ++........               (no amulet)
                                (no ring)
                                (no ring)

@: glowing
A: fangs 3, see invisible, clever 1, sense surroundings 1, robust 1, unbreathing
a: Bat Form


You were on level 3 of the Dungeon.
You were not thirsty.

You visited 1 branch of the dungeon, and saw 3 of its levels.

You collected 149 gold pieces.

Inventory:

Hand Weapons
 a - a +2 dagger (weapon)
Armour
 b - a +2 robe (worn)
Scrolls
 g - a scroll of identify
 h - a scroll of amnesia
Potions
 d - 12 potions of blood
 e - 3 potions of curing
Books
 c - a book of Maledictions

   Spells                             Type                      Level
   a - Corona                         Hexes                        1
   b - Ensorcelled Hibernation        Hexes/Ice                    2
   c - Confuse                        Hexes                        3
   d - Tukima's Dance                 Hexes                        3
   e - Dazzling Spray                 Conjuration/Hexes            3


   Skills:
 * Level 1.0 Fighting
 + Level 2.1 Short Blades
 + Level 2.5 Dodging
 + Level 6.0 Stealth
 * Level 2.5 Spellcasting
 + Level 4.9 Hexes
 + Level 0.6 Ice Magic


You had 2 spell levels left.
You knew the following spells:

 Your Spells              Type           Power        Failure   Level  Hunger
a - Corona                Hex            ###....      1%          1    #......
b - Ensorcelled Hibernat  Hex/Ice        ##....       10%         2    ##.....
c - Confuse               Hex            ###.....     8%          3    ###....


Dungeon Overview and Level Annotations

Branches:
Dungeon (3/15)

Altars:

Annotations:
D:3 Jessica


Innate Abilities, Weirdness & Mutations

You have razor-sharp teeth.
You have supernaturally acute eyesight. (SInv)
You can survive without breathing.
Your mind is acute. (Int +2)
You passively map a small area around you.
You are robust. (+10% HP)


Message History

You don't have enough magic to cast that spell.
You barely miss the orc. Your bite misses the orc.
The orc is lightly wounded.
The gnoll closely misses you. The orc hits you with a flail.
The gnoll shaman calls upon its god to speed up something.
You hit the orc but do no damage.
The orc is lightly wounded.
The gnoll closely misses you. The orc hits you with a flail!
* * * LOW HITPOINT WARNING * * *
You closely miss the orc.
The orc is lightly wounded.
The gnoll barely misses you.
You hit the orc. You bite the orc.
The orc is severely wounded.
The gnoll closely misses you. The orc hits you with a flail.
* * * LOW HITPOINT WARNING * * *
You hit the orc.
The orc is almost dead.
The orc hits you with a flail!
You die...

...........................P
#>.....).................
####.....######.#####......#
........g# #....##......#
........)# #....##......#
.......g.# #....##......#
.........# #....##......#
........g#######..###......#
,
.......gggo@.......#####.###
*
....#....#######.....)......
##.#############.#.#####.###
#.#####......รท..#..# #.# *
, #...............#..## #.#
*................#...###.#
................#.....#.#
........#...###.###..##..
........#...##..[##..##.#


You could see 2 gnoll shamans, 2 gnolls and an orc.

Vanquished Creatures
  An adder (D:2)
  4 gnolls
  A worm (D:3)
  2 dart slugs (D:1)
  3 leopard geckos
  5 bats
  2 giant cockroaches (D:1)
  4 goblins (D:1)
  6 hobgoblins
  4 jackals (D:3)
  A quokka (D:2)
  2 ball pythons (D:2)
  3 frilled lizards
  8 kobolds
  7 rats
  A toadstool (D:1)
54 creatures vanquished.

Vanquished Creatures (others)
  3 toadstools (D:1)
3 creatures vanquished.

Grand Total: 57 creatures vanquished

Notes
Turn   | Place    | Note
-------+----------+-------------------------------------------
     0 | D:1      | JeffiDaFish the Vampire Enchanter began the quest for the Orb.
     0 | D:1      | Reached XP level 1. HP: 13/13 MP: 3/3
   211 | D:1      | Reached skill level 5 in Stealth
   211 | D:1      | Reached XP level 2. HP: 19/19 MP: 5/5
   215 | D:1      | Learned a level 2 spell: Ensorcelled Hibernation
   494 | D:1      | Gained mutation: You are robust. (+10% HP) [potion of mutation]
   494 | D:1      | Gained mutation: You passively map a small area around you. [potion of mutation]
   494 | D:1      | Gained mutation: Your mind is acute. (Int +2) [potion of mutation]
  1220 | D:1      | Reached XP level 3. HP: 24/26 MP: 6/6
  2459 | D:3      | Reached skill level 6 in Stealth
  2459 | D:3      | Reached XP level 4. HP: 34/34 MP: 1/7
  2573 | D:3      | Noticed Jessica
  2812 | D:3      | Reached skill level 1 in Fighting
  2842 | D:3      | Learned a level 3 spell: Confuse
  2879 | D:3      | Mangled by an orc

Vault maps used:
D:1:      ldierk_water_garden, minmay_bisected
D:3:      lemuel_castle_with_subvaults, first_bread, uniq_sigmund, uniq_jessica

Skill      XL: |  1  2  3  4 |
---------------+-------------+-----
Stealth        | 5 6 |  6.0
Short Blades   | 2 |  2.1
Fighting       | 1 |  1.0
Dodging        | |  2.5
Spellcasting   | |  2.5
Hexes          | |  4.9
Ice Magic      | |  0.6

Action                   |  1- 3 |  4- 6 || total
-------------------------+-------+-------++-------
Melee: Dagger            |   140 |    74 ||   214
       Bite              |    10 |     7 ||    17
 Cast: Ensorcelled Hiber |     4 |     4 ||     8
       Confuse           |       |     2 ||     2
  Use: Potion            |    11 |     3 ||    14
       Scroll            |     6 |       ||     6
 Stab: Sleeping          |    13 |     2 ||    15
Armor: Robe              |    25 |    15 ||    40
Dodge: Dodged            |    78 |    53 ||   131
